← All builds
Geo sea / Armada / Economy first / OBSERVED BUILD

Standard geo sea

Armada Geo sea build order · Supreme Isthmus

The role's baseline: bot lab then shipyard in the cove, early destroyer and submarine to contest the sea, with geothermal powering the economy as the game transitions into a naval/amphibious mix.

Usually shipyard in the cove (89%)

#naval #eco · 1353 distinct matches · 173 players · 78% of Armada Geo sea games · team won 55% of 1508 · Recently observed

HOW TO PLAY IT

Key timing: Shipyard by 3:12

  1. Open 3 mex and wind, then drop Bot Lab by 1:12.
  2. Build Shipyard in the cove to start the naval contest.
  3. Pump submarine then destroyer to contest enemy sea entry.
  4. Add geothermal powerplant to fund the economy transition.
  5. Upgrade to Advanced Metal Extractor as eco scaling finishes.

Phase by phase

TYPICAL OF ITS 1353 GAMES
  1. 1
  2. 2
  3. 3
  4. 4
PLAY THE OPENING

Follow the example game's first 6:00 step by step: what to build now, what comes next, and where it goes. At 1× it keeps pace with your own game.

  1. 1

    Up to the Bot Lab

    Economy
    • Metal Extractor3Mex
    • Wind Turbine3Wind
    Order
    1. Bot LabBot Lab after 3 mex, 3 winddone ~1:12, middle half 1:06–1:18

    Some games also: wind for allies (46%)

    By 0:55 in all: 3 mex · 3 wind

    The example game in this phase · 3 steps
    1. Mex ×3
    2. Wind ×3
    3. Bot LabBot Labdone 1:06 · typical 1:12
  2. 2

    Bot Lab to Shipyard

    Economy
    • Metal Extractor1Mex
    • Wind Turbine1Wind
    Order
    1. ShipyardShipyard after 4 mex, 4 winddone ~3:11, middle half 2:48–3:37
    Builders
    • Construction Bot3 Con bot
    • Lazarus2 Lazarus

    Some games also: pawn (42%) · con turret (39%) · crossbow (39%)

    By 2:47 in all: 4 mex · 4 wind

    The example game in this phase · 21 steps
    1. Windfor Air
    2. LazarusLazarus
    3. Wind ×2for Air
    4. Wind
    5. Construction BotCon bot
    6. Wind ×3
    7. Construction BotCon bot
    8. Con turret
    9. Construction BotCon bot
    10. Mex
    11. Construction BotCon bot ×3
    12. AnemoneAnemone
    13. CrossbowCrossbow
    14. PawnPawn
    15. Energy storage
    16. Mex
    17. PawnPawn
    18. Mex
    19. Radar TowerRadar Tower
    20. Bot LabEat Bot Labreclaimed for its metal
    21. ShipyardShipyarddone 3:47 · typical 3:11
  3. 3

    Shipyard to 5:00

    Economy
    • Metal Extractor4Mex
    • Wind Turbine2Wind
    Order
    1. Bot LabEat Bot Lab
    Builders
    • Construction Ship1 Con ship
    Army
    • Dolphin3 Dolphin
    • Skater1 Skater
    Other
    • Radar Tower1 Radar Tower

    Some games also: destroyer (48%) · Sentry (44%) · submarine (44%) · converter (33%) · con turret (32%)

    By 5:00 in all: 8 mex · 7 wind · 1 energy storage · 1 con turret

    The example game in this phase · 11 steps
    1. Wind ×4
    2. Construction ShipCon ship
    3. EelSubmarinedone 4:17 · typical 4:27
    4. Mex
    5. SkaterSkater
    6. DolphinDolphin
    7. Mex
    8. DolphinDolphin
    9. CorsairDestroyerdone 5:44 · typical 5:39
    10. Radar TowerRadar Tower
    11. NettleNettle
  4. 4

    5:00 to 10:00

    Economy
    • Metal Extractor2Mex
    • Wind Turbine12Wind
    • Energy Converter3Converter
    Builders
    • Construction Turret1 Con turret
    • Grim Reaper1 Grim Reaper
    • Construction Ship1 Con ship
    Army
    • Sentry1 Sentry
    • Dolphin4 Dolphin
    • Skater2 Skater
    • Corsair2 Destroyer

    Some games also: Harpoon (42%) · frigate (42%) · geo (41%) · Naval Construction Turret (35%) · submarine (31%)

    By 10:00 in all: 11 mex · 20 wind · 1 geo · 4 converter · 1 energy storage · 2 con turret

    The example game in this phase · 130 steps
    1. Converter ×2
    2. Mex ×2
    3. Naval Radar / Sonar TowerNaval Radar / Sonar Tower
    4. Mex
    5. Geothermal PowerplantGeodone 6:25 · typical 7:52
    6. Radar TowerRadar Tower
    7. HarpoonHarpoon
    8. NettleNettle
    9. SentrySentry
    10. Grim ReaperGrim Reaper
    11. Converter ×2
    12. SkaterSkater
    13. Converter
    14. SkaterSkater
    15. Advanced Metal ExtractorT2 mexdone 7:53
    16. Con turret
    17. Naval Radar / Sonar TowerNaval Radar / Sonar Tower
    18. CorsairDestroyer
    19. Converter
    20. Wind ×4
    21. DolphinDolphin
    22. Converter
    23. Wind
    24. CorsairDestroyer
    25. Wind ×3
    26. Advanced Metal ExtractorT2 mex
    27. Wind
    28. Converter
    29. Wind
    30. CorsairDestroyer
    31. Wind ×3
    32. Naval Radar / Sonar TowerNaval Radar / Sonar Tower
    33. Converter
    34. Wind ×2
    35. CorsairDestroyer
    36. Wind ×2
    37. Advanced Metal ExtractorT2 mex
    38. Wind
    39. Converter
    40. CorsairDestroyer
    41. Wind ×4
    42. Converter
    43. CorsairDestroyer
    44. Wind ×4
    45. CorsairDestroyer
    46. Wind
    47. Converter
    48. Wind ×2
    49. Grim ReaperGrim Reaper
    50. Advanced Metal ExtractorT2 mex
    51. Wind
    52. Con turret
    53. Wind
    54. SkaterSkater
    55. Wind
    56. Converter
    57. SkaterSkater
    58. Grim ReaperGrim Reaper
    59. Wind
    60. Naval Radar / Sonar TowerNaval Radar / Sonar Tower
    61. Wind
    62. Naval Radar / Sonar TowerNaval Radar / Sonar Tower
    63. DolphinDolphin
    64. SkaterSkater
    65. Wind
    66. Con turret
    67. Construction ShipCon ship
    68. Wind
    69. Con turret
    70. Converter
    71. Wind
    72. SkaterSkater
    73. Metal storage
    74. Wind
    75. DolphinDolphin
    76. SkaterSkater
    77. Wind
    78. SkaterSkater ×2
    79. Wind ×2
    80. Converter
    81. Wind
    82. Grim ReaperGrim Reaper
    83. Wind
    84. Advanced ShipyardAdvanced Shipyarddone 13:03
    85. Wind ×2
    86. Grim ReaperGrim Reaper
    87. Advanced Metal ExtractorT2 mex
    88. Wind
    89. Converter
    90. Wind ×2
    91. SkaterSkater
    92. Wind
    93. SkaterSkater
    94. Advanced Construction SubAdvanced Construction Sub
    95. Wind
    96. Aircraft PlantAircraft Plantdone 13:36
    97. Converter
    98. Wind ×2
    99. VoyagerVoyager
    100. Con turret
    101. Wind
    102. Con turret
    103. VoyagerVoyager
    104. Mex
    105. StorkLight transport
    106. Con turret
    107. Wind
    108. VoyagerVoyager
    109. Con turret
    110. Radar TowerRadar Tower
    111. Advanced Metal ExtractorT2 mex
    112. Wind
    113. Converter
    114. Wind
    115. Construction AircraftCon aircraft ×3
    116. Naval Advanced Metal ExtractorNaval Advanced Metal Extractordone 14:29
    117. Wind
    118. Construction AircraftCon aircraft
    119. BeamerBeamer
    120. Construction AircraftCon aircraft
    121. Wind
    122. Naval Radar / Sonar TowerNaval Radar / Sonar Tower
    123. Wind
    124. Mex
    125. Converter
    126. Wind
    127. Naval Advanced Metal ExtractorNaval Advanced Metal Extractor
    128. Wind
    129. DreadnoughtBattleshipnot finished by 15:00
    130. Wind ×2

Counts are medians over the build's games: half of them build more, half fewer. The example game is Bestoloch's (32 OS, 04/10/2026); pick another.

Team trades

IN AT LEAST 30% OF ITS GAMES

You hand over

  • Wind Turbine2 Wind to Airfirst at 1:41 · in 64% of games

You get

  • Finch1 Finch from Airfirst at 1:53 · in 74% of games
  • Hercules1 Light transport from Airfirst at 2:04 · in 65% of games
  • Advanced Construction Bot1 T2 con bot from Techfirst at 7:43 · in 90% of games

How it plays out

Typical game of this build, running totals by minute

Metal produced

010k20k30k
0:005:0010:0015:00

metal

Enemy metal destroyed

05k10k
0:005:0010:0015:00

metal

Own metal lost

02.5k5k7.5k
0:005:0010:0015:00

metal

1508 games.

Show as table
ByMetal produced: This buildEnemy metal destroyed: This buildOwn metal lost: This build
1:0039500
2:0092800
3:00159900
4:002877040
5:00412619054
6:005518531295
7:007056993625
8:00872116891025
9:001057824601595
10:001280333622244
11:001538344153110
12:001846854653798
13:002177264294605
14:002537275585383
15:002893884516202
WHAT THE NUMBERS SAY

Standard Geo sea play wins slightly less than half the time but builds a strong metal base by 15:00 with moderate losses.

  • + Metal produced reaches 29210 by 15:00, well above Beach sea's early pace.
  • + Corsair (destroyer) makes up 34% of army, a clear naval focus.
  • − Own metal lost climbs to 6339 by 15:00 from sea skirmishes.
  • − Geothermal only completes in 58% of games, an inconsistent power spike.
THE EXAMPLE YOU ARE READING

Bestoloch

31.7 OS · 04/10/2026

Open source match ↗

8 received units · includes a constructor
94 metal received · 23816 energy received

Allied construction assistance is unknown. Timings are observations, not a promise of solo reproducibility.

Typical milestones

Bot Lab1:12Middle 50%: 1:06–1:18 · n=1466
Shipyard3:11Middle 50%: 2:48–3:37 · n=1488
Eel4:27Middle 50%: 3:45–5:37 · n=918
Corsair5:39Middle 50%: 4:56–6:38 · n=1388
Geothermal Powerplant7:52Middle 50%: 6:48–9:30 · n=950
Advanced Metal Extractor9:20Middle 50%: 8:38–10:10 · n=1319

Played most by

_X_134games of this buildJesterB66games of this buildOptimusprimenutt61games of this buildhaaven55games of this buildpyrothraxus51games of this build
Standard geo sea · Armada Geo sea build order · BAR Build Atlas